 Dungeon Crawl Stone Soup version 0.16.1-5-gaa23807 (webtiles) character file.

131 sugabear the Shield-Bearer (level 5, -3/33 HPs)
             Began as a Gargoyle Fighter on Mar 28, 2015.
             Killed by nerve-wracking pain
             ... invoked by Grinder
              (7 damage)
             ... on level 3 of the Dungeon.
             The game lasted 00:02:13 (1652 turns).

sugabear the Shield-Bearer (Gargoyle Fighter)       Turns: 1652, Time: 00:02:13

Health: -3/33      AC: 11    Str: 21    XL:     5   Next: 14%
Magic:  5/5        EV:  8    Int:  8    God:
Gold:   180        SH:  9    Dex:  9    Spells: 0 memorised, 4 levels left

rFire  . . .     SeeInvis .     a - +0 war axe
rCold  . . .     Clarity  .     b - +0 scale mail
rNeg   + . .     SustAb   .     c - +0 shield
rPois  ∞         Gourm    .     (no helmet)
rElec  +         Spirit   .     (no cloak)
rCorr  .         Warding  .     (no gloves)
rMut   .         Stasis   .     (no boots)
MR     .....                    (no amulet)
Stlth  ..........               (no ring)
                                (no ring)

@: not resistant to hostile enchantments, extremely unstealthy
A: negative energy resistance 1, electricity resistance, unbreathing,
petrification resistance, rot immunity, AC +4
a: no special abilities


You were on level 3 of the Dungeon.
You were hungry.

You visited 1 branch of the dungeon, and saw 3 of its levels.

You collected 180 gold pieces.

Inventory:

Hand weapons
 a - a +0 war axe (weapon)
Armour
 b - a +0 scale mail (worn)
 c - a +0 shield (worn)
Magical devices
 s - a wand of polymorph (5)
Scrolls
 g - a scroll of remove curse {unknown}
 h - a scroll of random uselessness {unknown}
 i - a scroll of recharging {unknown}
 j - 5 scrolls of identify {unknown}
 m - a scroll of fog {unknown}
 o - 2 scrolls of teleportation {unknown}
 q - a scroll of immolation {unknown}
Potions
 e - a potion of might
 f - 2 potions of flight {unknown}
 l - a potion of curing {unknown}
 n - a potion of mutation {unknown}
 p - a potion of agility {unknown}
 r - a potion of heal wounds {unknown}
 t - a potion of resistance {unknown}
 u - a potion of brilliance {unknown}
 v - a potion of magic {unknown}
Comestibles
 d - 3 bread rations
 k - 2 meat rations
 w - a chunk of flesh


   Skills:
 + Level 3.9 Fighting
 + Level 2.3 Axes
 + Level 4.1 Armour
 + Level 1.1 Dodging
 + Level 4.4 Shields


You had 4 spell levels left.
You didn't know any spells.

Dungeon Overview and Level Annotations

Branches:
Dungeon (3/15)

Altars:
Vehumet
Zin

Annotations:
D:3 Grinder


Innate Abilities, Weirdness & Mutations

You are resistant to torment.
You are immune to poison.
Your stone body is very resilient (AC +4).
You resist negative energy.
You are resistant to electric shocks.
You can survive without breathing.
You are immune to petrification.
You are immune to rotting.


Message History

Grinder gestures at you. You resist with significant effort.
You barely miss Grinder. Grinder barely misses you.
You closely miss Grinder. Grinder hits you but does no damage.
Grinder gestures at you. Pain shoots through your body!
You closely miss Grinder. Grinder gestures at you.
Pain shoots through your body!
* * * LOW HITPOINT WARNING * * *
You are too injured to fight recklessly!
You are too injured to fight recklessly!
You are too injured to fight recklessly!
Unknown command.
You hit Grinder!
Grinder is moderately wounded.
Grinder hits you but does no damage. Grinder gestures at you.
Pain shoots through your body!
You die...

##############
#.....).....(#
###.######...#.#
..#.##......(#.#
#.#.##.###...#.# #
#.#.##.# ##.##@# #
#.#.##.# #.##5# #
#.#.##.# #.##.#
###.#.##.# #.##.#
##....##.####.##.#
......#.......##.#
##...##..#######.#
###.###..# #.# #
#.###..# #.#


You could see Grinder.

Vanquished Creatures
  An orc wizard (D:3)
  4 adders
  A giant mite (D:3)
  4 orcs (D:3)
  2 ball pythons
  2 giant cockroaches
  7 hobgoblins
  9 bats
  A giant gecko (D:1)
  3 giant newts
  4 goblins
  7 jackals
  5 kobolds
  3 rats (D:1)
53 creatures vanquished.

Notes
Turn   | Place    | Note
--------------------------------------------------------------
     0 | D:1      | sugabear, the Gargoyle Fighter, began the quest for the Orb.
     0 | D:1      | Reached XP level 1. HP: 14/14 MP: 1/1
   124 | D:1      | Reached XP level 2. HP: 19/19 MP: 2/2
   518 | D:1      | Reached XP level 3. HP: 24/24 MP: 3/3
   885 | D:2      | Reached skill level 4 in Shields
  1048 | D:2      | Found a glowing silver altar of Zin.
  1048 | D:2      | Found a radiant altar of Vehumet.
  1297 | D:3      | Reached XP level 4. HP: 29/29 MP: 4/4
  1432 | D:3      | Reached skill level 1 in Dodging
  1589 | D:3      | Reached XP level 5. HP: 29/33 MP: 5/5
  1639 | D:3      | Noticed Grinder
  1645 | D:3      | Paralysed by Grinder for 2 turns
  1652 | D:3      | Killed from afar by Grinder

Action                   |  1- 3 |  4- 6 || total
-------------------------+-------+-------++-------
Melee: War axe           |    94 |    72 ||   166
  Eat: Chunk             |     1 |     1 ||     2
